Map: Lost and Found LE

Players

Expect

  • Race: Terran Terran
  • Spawn Location: 7:00

uThermal - Winner!

  • Race: Terran Terran
  • Spawn Location: 1:00

Event: WCS Austin 2018

VOD

Have the link to the VOD?

Description

Time

  • Played on: June 1, 2018, 10:42 p.m.
  • Length: 13:40

All games in this series

Show
View Real Time Build Order
Export as new Build Order

Expect Terran 

Build Orders: 1/1/1, Cyclone Opening, Bio Tank 

Get SALT Encoding   

  12  0:01  SCV  
  13  0:13  SCV  
  14  0:17  Supply Depot  
  14  0:25  SCV  
  15  0:28  Refinery  
  15  0:38  SCV  
  16  0:44  Barracks  
  16  0:50  SCV  
  16  0:55  Refinery  
  17  1:03  SCV  
  18  1:15  SCV  
  19  1:32  Orbital Command  
  19  1:33  Reaper  
  19  1:35  Factory  
  20  1:45  Supply Depot  
  20  1:58  SCV  
  21  2:05  Reaper  
  22  2:10  SCV  
  23  2:20  Starport, Hellion  
  23  2:22  SCV  
  26  2:32  Supply Depot  
  26  2:36  SCV  
  27  2:37  Barracks Tech Lab  
  27  2:41  Cyclone  
  30  2:48  SCV  
  29  3:05  SCV  
  29  3:07  Banshee, Cloaking Field  
  33  3:18  Barracks Reactor  
  33  3:26  Factory Tech Lab  
  30  3:27  SCV  
  31  3:40  Command Center  
  31  3:41  SCV  
  30  3:54  SCV  
  29  3:55  Banshee  
  32  4:03  Siege Tank  
  32  4:04  Marine  
  32  4:05  Marine  
  32  4:06  SCV  
  32  4:09  Supply Depot  
  38  4:18  SCV  
  39  4:31  Marine x2  
  38  4:38  Banshee, Siege Tank  
  40  4:43  SCV  
  46  4:55  SCV  
  47  5:07  Barracks  
  47  5:08  Barracks  
  47  5:16  SCV  
  47  5:26  Orbital Command  
  47  5:32  SCV  
  47  5:34  Starport Reactor  
  47  5:37  Marine  
  47  5:41  Stimpack, Siege Tank  
  50  5:55  SCV  
  51  6:03  Barracks Reactor, Barracks Tech Lab  
  51  6:06  Barracks Reactor  
  51  6:07  Marine  
  51  6:10  SCV  
  51  6:11  Engineering Bay  
  53  6:12  SCV  
  53  6:13  Supply Depot  
  53  6:16  Marine x2  
  56  6:22  SCV  
  56  6:24  SCV  
  56  6:25  Marine  
  55  6:28  Medivac x2  
  55  6:31  Supply Depot  
  60  6:34  Marine x2, SCV  
  60  6:36  SCV  
  64  6:44  Marine x3  
  67  6:47  SCV  
  67  6:48  SCV  
  67  6:50  Refinery  
  67  6:51  Siege Tank  
  67  6:52  Marine  
  70  6:59  SCV  
  70  7:00  SCV  
  72  7:02  Marine x2  
  72  7:06  Supply Depot  
  74  7:08  Supply Depot  
  74  7:11  SCV  
  74  7:13  Marine x3  
  78  7:20  Terran Infantry Weapons Level 1  
  78  7:27  Marine, SCV x2  
  78  7:29  Refinery  
  81  7:31  Marine  
  81  7:32  Medivac  
  84  7:41  SCV  
  84  7:43  Marine x2  
  87  7:46  Marine x2  
  87  7:47  Medivac  
  87  7:49  Marine  
  92  7:52  Supply Depot  
  92  7:53  Combat Shields  
  92  7:56  SCV x2  
  94  8:13  Marine x2  
  94  8:14  SCV x2  
  98  8:20  Command Center  
  98  8:21  Marine  
  98  8:22  Marine  
  84  8:27  Marine  
  84  8:28  Medivac x2, Siege Tank  
  84  8:31  Marine  
  90  8:34  SCV  
  90  8:35  Marine  
  90  8:39  Marine  
  90  8:40  Marine  
  94  8:43  Supply Depot  
  94  8:44  SCV  
  94  8:45  Marine, Supply Depot  
  94  8:46  SCV  
  94  8:49  Marine  
  94  8:53  Marine  
  94  8:54  Engineering Bay  
  96  8:57  Marine  
  96  8:59  Marine  
  96  9:00  Siege Tank  
  102  9:02  SCV  
  102  9:04  Marine, SCV  
  102  9:07  Marine  
  105  9:15  Marine x2  
  107  9:17  Marine  
  107  9:22  Marine  
  108  9:25  Marine  
  108  9:27  SCV x2  
  111  9:33  Marine x2, Siege Tank  
  115  9:42  SCV  
  115  9:45  Marine x2  
  115  9:46  Marine  
  115  9:50  Barracks, SCV x2  
  115  9:52  Barracks  
  113  10:02  SCV  
  113  10:05  Siege Tank  
  105  10:07  Marine x4  
  105  10:08  Medivac x2  
  108  10:18  Marine  
  104  10:21  SCV  
  104  10:23  Armory  
  104  10:25  Marine x4  
  96  10:36  Marine  
  96  10:37  Siege Tank  
  96  10:41  Barracks Reactor  
  96  10:42  Barracks Reactor, Marine  
  100  10:43  Marine x3  
  100  10:53  Marine  
  100  10:54  Medivac  
  100  10:55  Medivac  
  97  11:00  Orbital Command, Marine x3  
  97  11:07  Factory  
  97  11:08  Marine  
  97  11:09  Liberator x2, Siege Tank  
  101  11:11  Marine, Missile Turret  
  101  11:18  Marine x3  
  86  11:19  Marine  
  86  11:20  Marine x2  
  86  11:21  Marine  
  90  11:26  Orbital Command, Marine  
  90  11:29  Marine  
  89  11:36  Marine x3  
  89  11:37  Marine  
  89  11:38  Marine x2  
  89  11:39  Marine  
  92  11:41  Siege Tank  
  92  11:44  Marine  
  96  11:47  Marine  
  96  11:54  Marine x3  
  97  11:55  Marine  
  97  11:56  Marine x2, Factory Tech Lab  
  97  11:57  Marine  
  104  12:02  Marine  
  104  12:05  Marine  
  97  12:11  Marine  
  97  12:12  Marine x3  
  97  12:14  Marine x3  
  97  12:15  Siege Tank  
  107  12:20  Marine  
  96  12:23  Marine  
  96  12:29  Marine x2  
  86  12:30  Marine x2  
  86  12:31  Marine  
  86  12:32  Marine x2, Siege Tank  
  94  12:37  Marine  
  94  12:39  Orbital Command  
  94  12:40  Orbital Command, Marine  
  89  12:47  Marine x3  
  73  13:00  Marine x2  
  73  13:01  Marine x2  
Show
View Real Time Build Order
Export as new Build Order

uThermal Terran - Winner!

Build Orders: Cyclone Opening, MMM Bio 

Get SALT Encoding   

  12  0:01  SCV  
  13  0:14  SCV  
  14  0:17  Supply Depot  
  14  0:26  SCV  
  14  0:27  Refinery  
  15  0:38  SCV  
  16  0:44  Barracks  
  16  0:50  SCV  
  16  0:54  Refinery  
  17  1:03  SCV  
  18  1:15  SCV  
  19  1:30  Orbital Command, Reaper  
  20  1:34  Factory  
  20  1:43  Supply Depot  
  20  1:56  SCV  
  21  2:02  Reaper  
  21  2:08  SCV  
  23  2:18  Hellion  
  23  2:22  SCV  
  26  2:28  Command Center  
  26  2:36  Barracks Reactor  
  26  2:39  SCV  
  26  2:40  Cyclone  
  30  2:51  Supply Depot, SCV  
  31  3:00  Starport  
  31  3:12  SCV  
  32  3:13  Cyclone  
  35  3:24  SCV  
  35  3:25  Marine x2  
  37  3:30  Supply Depot  
  36  3:36  SCV  
  36  3:37  Engineering Bay  
  36  3:39  Medivac  
  39  3:47  Marine x2  
  39  3:50  SCV  
  40  3:59  Orbital Command  
  40  4:06  Marine x2  
  40  4:09  Missile Turret  
  41  4:15  Missile Turret  
  41  4:21  SCV  
  42  4:28  SCV  
  43  4:31  Viking  
  43  4:35  SCV  
  46  4:39  Factory Tech Lab  
  46  4:41  Marine  
  46  4:44  Marine  
  48  4:49  SCV  
  48  4:57  SCV  
  48  4:59  Marine  
  49  5:01  SCV  
  49  5:02  Marine  
  49  5:05  Factory Tech Lab  
  51  5:10  Raven  
  51  5:11  SCV  
  54  5:16  SCV  
  54  5:17  Marine  
  54  5:20  Marine  
  55  5:23  SCV  
  55  5:26  Siege Tank  
  59  5:29  SCV  
  59  5:33  Supply Depot  
  59  5:35  Marine  
  60  5:38  Marine  
  62  5:51  SCV  
  62  5:55  SCV  
  59  6:02  Starport Reactor  
  59  6:03  SCV  
  57  6:06  Barracks  
  57  6:07  Barracks, SCV  
  57  6:10  Terran Infantry Weapons Level 1, Marine  
  59  6:12  Stimpack  
  59  6:15  SCV  
  59  6:19  SCV  
  60  6:27  Siege Tank, SCV  
  60  6:28  Marine  
  60  6:31  SCV  
  60  6:32  Supply Depot  
  66  6:39  SCV  
  67  6:43  SCV  
  67  6:45  Refinery  
  67  6:46  Marine  
  69  6:51  SCV  
  66  6:54  Starport Reactor  
  66  6:55  SCV  
  66  6:57  Command Center  
  66  7:00  Siege Tank  
  70  7:03  SCV  
  70  7:04  Refinery, Marine  
  70  7:07  SCV  
  73  7:12  Supply Depot  
  73  7:14  Marine x2  
  75  7:16  SCV  
  75  7:19  SCV  
  75  7:21  Marine  
  77  7:28  SCV  
  77  7:29  Barracks x2  
  78  7:33  Medivac, Marine x4, SCV  
  78  7:36  Medivac, Supply Depot  
  87  7:38  Siege Tank  
  87  7:40  Marine, SCV  
  90  7:45  SCV  
  90  7:51  Marine  
  88  7:52  Supply Depot, Marine x2, SCV  
  88  7:53  Marine  
  91  7:58  Marine, SCV  
  91  8:03  Medivac  
  93  8:06  Medivac  
  93  8:08  Marine  
  93  8:09  SCV  
  93  8:10  Marine  
  93  8:12  SCV  
  99  8:13  Combat Shields  
  99  8:14  Orbital Command  
  98  8:21  SCV  
  98  8:24  SCV  
  82  8:27  Marine x3  
  82  8:28  Barracks Reactor x2  
  82  8:32  Marine x2  
  82  8:33  Medivac, SCV  
  88  8:39  Terran Infantry Armor Level 1  
  88  8:40  Orbital Command  
  86  8:43  SCV  
  86  8:45  Marine x3, SCV  
  90  8:52  Marine x2  
  92  8:56  Supply Depot, Siege Tank  
  92  9:00  SCV  
  92  9:02  Marine  
  96  9:03  Marine x2  
  96  9:07  Medivac  
  96  9:08  Marine  
  96  9:10  Marine, SCV  
  96  9:11  Marine  
  100  9:17  Medivac  
  100  9:24  SCV  
  102  9:25  SCV, Missile Turret  
  102  9:26  Missile Turret x2  
  102  9:27  Marine  
  99  9:40  Marine  
  99  9:41  Marine x2  
  99  9:44  Marine  
  99  9:45  Marine x2, Siege Tank  
  97  9:47  Marine x2  
  97  9:48  SCV  
  97  9:49  SCV  
  97  9:50  Marine  
  101  9:57  Armory  
  101  9:58  Engineering Bay, Marine  
  99  10:01  SCV x2  
  99  10:02  Marine  
  99  10:05  Marine  
  99  10:06  Marine  
  90  10:11  Orbital Command, Marine  
  90  10:13  SCV  
  82  10:23  Marine  
  82  10:24  Marine  
  82  10:25  Marine  
  82  10:32  Marine x2  
  84  10:37  Marine  
  84  10:38  SCV x2  
  84  10:39  SCV  
  84  10:41  Marine x2  
  88  10:46  Marine  
  89  10:51  Marine x2  
  89  10:53  Marine  
  89  10:56  Marine  
  93  10:59  Marine x2, Siege Tank  
  101  11:05  Terran Infantry Weapons Level 2  
  101  11:10  Terran Infantry Armor Level 2  
  98  11:17  Marine x2  
  90  11:19  Marine  
  90  11:20  Marine x3  
  90  11:22  Marine  
  90  11:34  Siege Tank  
  90  11:35  Marine x2  
  90  11:37  Marine x2  
  90  11:38  Marine x2  
  99  11:40  Marine  
  99  11:42  SCV  
  99  11:43  Refinery, SCV x2  
  99  11:44  Refinery  
  103  11:53  Marine x2  
  102  11:54  SCV  
  102  11:55  Marine x2, SCV  
  102  11:56  Marine x2  
  105  12:02  Marine  
  105  12:07  Siege Tank  
  109  12:09  SCV  
  109  12:10  Refinery, SCV x2  
  109  12:11  Refinery, Marine x2  
  109  12:13  Marine x2  
  116  12:16  Liberator, Marine  
  116  12:21  SCV  
  116  12:22  SCV  
  113  12:23  Marine  
  113  12:24  Marine  
  113  12:29  Marine x2  
  110  12:31  Marine  
  110  12:34  Marine x2  
  116  12:38  SCV  
  116  12:40  SCV  
  116  12:41  Marine  
  116  12:42  Marine  
  116  12:46  Marine  
  116  12:47  Marine  
  116  12:49  Marine  
  112  12:52  Marine x2  
  101  12:59  Marine x2  
  101  13:02  Siege Tank  
  101  13:04  Marine x2  
  108  13:06  Marine  
  108  13:08  Factory  
  108  13:09  Marine x2  
  111  13:16  Marine  
  111  13:17  Marine  
Tags
 
Add a new tag
Caveats
  • Supply blocks, unpowered buildings, or Contaminate may cause inaccurate times.
  • Supply counts are checked every 10 seconds.